 Dungeon Crawl Stone Soup version 0.29.0-4-gdea44cf6ec (webtiles) character file.

Game seed: 8564776505484441876

203 qw the Cudgeller (level 5, 0/54 HPs)
             Began as an Ogre Enchanter on Sept 3, 2022.
             Slain by an orc wizard
             ... wielding a +4 dagger
              (3 damage)
             ... on level 4 of the Dungeon.
             The game lasted 00:03:31 (6560 turns).

qw the Cudgeller (Ogre Enchanter)                   Turns: 6560, Time: 00:03:32

Health: 0/54       AC:  3    Str: 14    XL:     5   Next: 81%
Magic:  8/8        EV:  9    Int: 16    God:
Gold:   231        SH:  0    Dex:  9    Spells: 8/8 levels left

rFire   . . .      SeeInvis .   d - +0 flail
rCold   . . .      Faith    .   (no shield)
rNeg    . . .      Spirit   .   b - +0 robe
rPois   .          Reflect  .   (helmet restricted)
rElec   .          Harm     .   (no cloak)
rCorr   .          Rampage  .   (gloves unavailable)
Will    .....                   (boots unavailable)
Stlth   ++........              (no amulet)
HPRegen 0.18/turn               (no ring)
MPRegen 0.11/turn               (no ring)

@: no status effects
A: large, unfitting armour, tough skin 1
a: no special abilities


You were on level 4 of the Dungeon.
You visited 1 branch of the dungeon, and saw 4 of its levels.

You collected 231 gold pieces.


Innate Abilities, Weirdness & Mutations

You are too large for most types of armour.
You have tough skin. (AC +1)


   Skills:
 + Level 3.7 Fighting
 - Level 0.8 Short Blades
 - Level 4.0 Maces & Flails
 - Level 1.7 Dodging
 - Level 2.1 Stealth
 - Level 2.4 Spellcasting
 - Level 2.6 Hexes


You had 8 spell levels left.
You didn't know any spells.
Your spell library contained the following spells:

 Spells                   Type           Power      Damage    Failure   Level
 Ensorcelled Hibernation  Hex/Ice        12%        N/A       17%         2
 Confusing Touch          Hex            10%        N/A       21%         3
 Tukima's Dance           Hex            10%        N/A       21%         3
 Dazzling Flash           Conj/Hex       12%        N/A       34%         3

Inventory:

Hand Weapons
 d - a +0 flail (weapon)
Armour
 b - a +0 robe (worn)
Jewellery
 g - a ring of flight
 l - a ring of see invisible
Scrolls
 c - a scroll of teleportation
 h - 3 scrolls of enchant armour
 i - a scroll of enchant weapon {unknown}
 j - a scroll of vulnerability {unknown}
Potions
 e - a potion of ambrosia {unknown}
 f - a potion of resistance {unknown}
 k - a potion of flight {unknown}

Dungeon Overview and Level Annotations

Branches:
Dungeon (4/15)
 Temple: D:4-7

Altars:
Cheibriados
Trog

Shops:
D:3 [

Annotations:
D:3 2 transporters, Arctirus's ghost, amateur OpHW


Message History

The orc wizard is heavily wounded.
The orc hits you with a +0 dagger.
The orc wizard gestures at you while chanting.
You are more confused.
Something hits you.
You bump into the rock wall.
The orc hits you with a +0 dagger.
The orc wizard hits you with a +0 dagger.
Something hits you!
6553 ||| DRINKING potion of heal wounds.
You feel much better. The orc hits you with a +0 dagger.
The orc wizard barely misses you. Something hits you.
You bump into the rock wall.
The orc barely misses you.
The orc wizard hits you but does no damage.
Something hits you but does no damage.
You miss the orc wizard.
The orc wizard is heavily wounded.
The orc barely misses you.
The orc wizard casts a spell.
The orc wizard flickers and vanishes!
Something hits you.
You closely miss the orc. The orc hits you with a +0 dagger.
You hear some strange, mumbled words.
A magic dart appears from out of thin air!
The magic dart hits you! Something hits you.
You bump into the rock wall.
The orc hits you but does no damage. Something completely misses you.
Something hits you.
You miss something. The orc hits you with a +0 dagger. Something hits you.
Something hits you but does no damage.
You bump into the rock wall.
The orc barely misses you. Something hits you but does no damage.
Something completely misses you.
You bump into the rock wall.
You feel less confused. The orc closely misses you. Something hits you. x2
You die...

#.#...######........
..# ##..<.##
##.......
¤..##...### #.#.....
¤...###..# #.###.##
¤~...###.# #..##.##
.~~...##.# ##......
..¤~..~#.# ###.##)
#..¤...#.# #....
#.¤...o@# ##...
#.....{{# #...
#.~..¤'o# #...
#..~¤.¤### #...
..~~¤¤~ #... .¤¤..¤#
#... ~~...# #...
~...#


You could see 2 orcs.

Vanquished Creatures
  A hound (D:3)
  5 adders
  2 worms
  6 dart slugs
  6 orcs
  12 ball pythons
  9 endoplasms
  8 giant cockroaches
  6 goblins
  6 hobgoblins
  6 jackals (D:1)
  6 kobolds
  3 quokkas
  8 bats
  9 frilled lizards
  6 rats
99 creatures vanquished.

Vanquished Creatures (others)
  2 fungi (D:1)
  A plant (D:1)
3 creatures vanquished.

Grand Total: 102 creatures vanquished

Notes
Turn   | Place    | Note
-------+----------+-------------------------------------------
     0 | D:1      | qw the Ogre Enchanter began the quest for the Orb.
     0 | D:1      | Reached XP level 1. HP: 16/16 MP: 3/3
     0 | D:1      | 0 ||| qw: Version: 0.1-a-100-g36b9a1f
     0 | D:1      | 0 ||| qw: Game counter: 5049
     0 | D:1      | 0 ||| qw: Always use a shield: true
     0 | D:1      | 0 ||| qw: God list: Okawaru
     0 | D:1      | 0 ||| qw: Allow faded altars: false
     0 | D:1      | 0 ||| qw: Do Orc after D:15 true
     0 | D:1      | 0 ||| qw: Do second Lair branch before Depths: true
     0 | D:1      | 0 ||| qw: Lair rune preference: random
     0 | D:1      | 0 ||| qw: Plans: Normal
     0 | D:1      | 0 ||| PLANNING D:1-11
   203 | D:1      | Reached skill level 1 in Maces & Flails
   245 | D:1      | 245 ||| Stepping ~*~*~tactically~*~*~ (stealth).
   251 | D:1      | 251 ||| Stepping ~*~*~tactically~*~*~ (outnumbered).
   262 | D:1      | Reached skill level 1 in Fighting
   262 | D:1      | Reached XP level 2. HP: 12/27 MP: 5/5
   426 | D:1      | 426 ||| SWAPPING to +0 club.
   427 | D:1      | 427 ||| DROPPING +1 dagger.
   428 | D:1      | 428 ||| DROPPING +0 short sword.
   617 | D:1      | 617 ||| Stepping ~*~*~tactically~*~*~ (stealth).
   624 | D:1      | 624 ||| Stepping ~*~*~tactically~*~*~ (outnumbered).
   644 | D:1      | HP: 6/27 [hobgoblin (2)]
  1109 | D:1      | 1109 ||| Stepping ~*~*~tactically~*~*~ (stealth).
  1111 | D:1      | 1111 ||| Stepping ~*~*~tactically~*~*~ (stealth).
  1303 | D:1      | 1303 ||| Stepping ~*~*~tactically~*~*~ (stealth).
  1305 | D:1      | 1305 ||| Stepping ~*~*~tactically~*~*~ (hiding).
  1309 | D:1      | Reached skill level 2 in Maces & Flails
  1310 | D:1      | 1310 ||| Stepping ~*~*~tactically~*~*~ (outnumbered).
  1312 | D:1      | Reached XP level 3. HP: 32/33 MP: 6/6
  1313 | D:1      | 1313 ||| Stepping ~*~*~tactically~*~*~ (outnumbered).
  1314 | D:1      | 1314 ||| Stepping ~*~*~tactically~*~*~ (outnumbered).
  1316 | D:1      | 1316 ||| Stepping ~*~*~tactically~*~*~ (outnumbered).
  1475 | D:1      | 1475 ||| Stepping ~*~*~tactically~*~*~ (stealth).
  1510 | D:1      | 1510 ||| Stepping ~*~*~tactically~*~*~ (stealth).
  1522 | D:1      | 1522 ||| Stepping ~*~*~tactically~*~*~ (stealth).
  1523 | D:1      | 1523 ||| Stepping ~*~*~tactically~*~*~ (stealth).
  1750 | D:1      | 1750 ||| Stepping ~*~*~tactically~*~*~ (stealth).
  1752 | D:1      | 1752 ||| Stepping ~*~*~tactically~*~*~ (stealth).
  1753 | D:1      | 1753 ||| Stepping ~*~*~tactically~*~*~ (stealth).
  1754 | D:1      | 1754 ||| Stepping ~*~*~tactically~*~*~ (stealth).
  2514 | D:1      | 2514 ||| READING scroll labelled KOITOE JIUMP.
  2615 | D:1      | 2615 ||| READING scroll labelled ERRAKA ZUGET.
  2616 | D:1      | 2616 ||| READING scroll labelled TOATIES QU USM.
  2617 | D:1      | 2617 ||| READING 3 scrolls labelled WUMMIW BE PUIJ.
  2618 | D:1      | 2618 ||| DROPPING 2 potions of invisibility.
  2619 | D:1      | 2619 ||| Stepping randomly (stuck).
  2620 | D:1      | 2620 ||| Stepping ~*~*~tactically~*~*~ (cloud).
  2626 | D:1      | HP: 8/35 [poisoned by you (poison gas)]
  2891 | D:1      | Found a faded altar of an unknown god.
  3102 | D:2      | Reached XP level 4. HP: 21/42 MP: 7/7
  3277 | D:2      | 3277 ||| SWAPPING to +0 whip.
  3278 | D:2      | 3278 ||| DROPPING +0 club.
  3487 | D:2      | Reached skill level 3 in Maces & Flails
  3547 | D:2      | 3547 ||| Stepping ~*~*~tactically~*~*~ (stealth).
  3557 | D:2      | 3557 ||| FLEEEEING.
  3558 | D:2      | 3558 ||| FLEEEEING.
  3560 | D:2      | 3560 ||| FLEEEEING.
  3561 | D:2      | 3561 ||| FLEEEEING.
  3562 | D:2      | 3562 ||| FLEEEEING.
  3563 | D:2      | 3563 ||| FLEEEEING.
  3564 | D:2      | 3564 ||| FLEEEEING.
  3565 | D:2      | 3565 ||| FLEEEEING.
  3566 | D:2      | 3566 ||| FLEEEEING.
  3567 | D:2      | 3567 ||| FLEEEEING.
  3568 | D:2      | 3568 ||| FLEEEEING.
  3569 | D:2      | 3569 ||| FLEEEEING.
  3570 | D:2      | 3570 ||| STAIRDANCE
  3665 | D:1      | 3665 ||| READING scroll labelled PUTRAIR MEMIYS.
  3815 | D:1      | 3815 ||| READING scroll labelled VIXKUXIUK.
  3816 | D:1      | 3816 ||| READING scroll labelled CECICA NOTU.
  3817 | D:1      | 3817 ||| READING scroll labelled XYPTYIHODI.
  3818 | D:1      | 3818 ||| READING scroll labelled KAUSIXZ NESEDA.
  4055 | D:2      | 4055 ||| Stepping ~*~*~tactically~*~*~ (stealth).
  4057 | D:2      | 4057 ||| Stepping ~*~*~tactically~*~*~ (stealth).
  4076 | D:2      | Reached skill level 3 in Fighting
  4510 | D:2      | 4510 ||| SWAPPING to +0 flail.
  4511 | D:2      | 4511 ||| DROPPING +0 whip.
  4701 | D:3      | Found Xexker's Armour Shoppe.
  4836 | D:3      | Reached XP level 5. HP: 50/53 MP: 8/8
  4886 | D:3      | 4886 ||| Stepping ~*~*~tactically~*~*~ (stealth).
  5228 | D:3      | 5228 ||| Stepping ~*~*~tactically~*~*~ (stealth).
  5230 | D:3      | 5230 ||| Stepping ~*~*~tactically~*~*~ (stealth).
  5232 | D:3      | 5232 ||| Stepping ~*~*~tactically~*~*~ (hiding).
  5235 | D:3      | 5235 ||| Stepping ~*~*~tactically~*~*~ (stealth).
  5351 | D:3      | 5351 ||| Stepping ~*~*~tactically~*~*~ (stealth).
  5356 | D:3      | 5356 ||| Stepping ~*~*~tactically~*~*~ (stealth).
  5566 | D:3      | Found a snail-covered altar of Cheibriados.
  5566 | D:3      | Found a bloodstained altar of Trog.
  5619 | D:3      | Found a transporter.
  5622 | D:3      | Noticed Arctirus's ghost (amateur OpHW)
  5623 | D:3      | Found a transporter.
  5646 | D:3      | Reached skill level 4 in Maces & Flails
  5876 | D:3      | 5876 ||| DRINKING 3 puce potions.
  5991 | D:4      | 5991 ||| Stepping ~*~*~tactically~*~*~ (hiding).
  6093 | D:4      | 6093 ||| Stepping ~*~*~tactically~*~*~ (hiding).
  6195 | D:4      | 6195 ||| Stepping ~*~*~tactically~*~*~ (hiding).
  6317 | D:4      | 6317 ||| Stepping ~*~*~tactically~*~*~ (hiding).
  6320 | D:4      | 6320 ||| Stepping ~*~*~tactically~*~*~ (hiding).
  6322 | D:4      | 6322 ||| Stepping ~*~*~tactically~*~*~ (hiding).
  6413 | D:4      | 6413 ||| Stepping ~*~*~tactically~*~*~ (stealth).
  6417 | D:4      | 6417 ||| Stepping ~*~*~tactically~*~*~ (outnumbered).
  6420 | D:4      | 6420 ||| Stepping ~*~*~tactically~*~*~ (outnumbered).
  6421 | D:4      | 6421 ||| Stepping ~*~*~tactically~*~*~ (outnumbered).
  6485 | D:4      | 6485 ||| Stepping ~*~*~tactically~*~*~ (stealth).
  6489 | D:4      | 6489 ||| Stepping ~*~*~tactically~*~*~ (stealth).
  6544 | D:4      | 6544 ||| Stepping ~*~*~tactically~*~*~ (outnumbered).
  6548 | D:4      | HP: 12/54 [orc/+0 dagger (2)]
  6549 | D:4      | 6549 ||| DRINKING 2 potions of heal wounds.
  6553 | D:4      | 6553 ||| DRINKING potion of heal wounds.
  6556 | D:4      | HP: 12/54 [something (2)]
  6558 | D:4      | HP: 4/54 [something (4)]
  6560 | D:4      | Slain by an orc wizard

Levels and vault maps discovered:
D:1:      dpeg_arrival_arbitrary_a, layout_basic,
          shapermc_ecumenical_altar_petra, minmay_box_of_dots
D:2:      minmay_alternating_diamond, layout_basic, dk_noncrumbling_4
D:3:      layout_loops_corners, gammafunk_temple_overflow_pools, serial_shops,
          shop_fountains, gammafunk_ghost_mausoleum, serial_bayou_pond_b,
          chequers_serial_rivers_micro_e, kennysheep_generic_room_14
D:4:      layout_rooms, minmay_misc_feat_room, hangedman_decor_riveting,
          kennysheep_donut, lemuel_old_faithful

Skill      XL: |  1  2  3  4  5 |
---------------+----------------+-----
Maces & Flails | 1 2 3 4 |  4.0
Fighting       | 1 2 3 |  3.7
Short Blades   | |  0.8
Dodging        | |  1.7
Stealth        | |  2.1
Spellcasting   | |  2.4
Hexes          | |  2.6

Action                   |  1- 3 |  4- 6 || total
-------------------------+-------+-------++-------
Melee: Dagger            |    37 |       ||    37
       Club              |   175 |     4 ||   179
       Whip              |       |   113 ||   113
       Flail             |       |   117 ||   117
       Punch             |       |     2 ||     2
  Use: Scroll            |     4 |     5 ||     9
       Potion            |       |     3 ||     3
 Stab: Distracted        |     3 |       ||     3
Armor: Robe              |    69 |    72 ||   141
Dodge: Dodged            |    97 |   101 ||   198

Table legend:
 A = Non-vault XP
 B = Vault XP
 C = Vault XP percentage of total XP
 D = Non-vault monster count
 E = Vault monster count
 F = Vault count percentage of total count
                 A         B        C        D         E       F
            +---------+---------+-------+---------+---------+-------
      Total |     210 |      80 |  27.6 |      81 |      18 |  18.2
            +---------+---------+-------+---------+---------+-------
        D:1 |      57 |       9 |  13.6 |      31 |       5 |  13.9
        D:2 |      71 |      12 |  14.5 |      22 |       4 |  15.4
        D:3 |      40 |      59 |  59.6 |      16 |       9 |  36.0
        D:4 |      42 |       0 |   0.0 |      12 |       0 |   0.0
            +---------+---------+-------+---------+---------+-------
